 Dungeon Crawl Stone Soup version 0.29.0-4-gdea44cf6ec (webtiles) character file.

Game seed: 10922032356582646225

26 qw the Sneak (level 3, 0/28 HPs)
             Began as a Ghoul Enchanter on Sept 6, 2022.
             Slain by Natasha (2 damage)
             ... on level 2 of the Dungeon.
             The game lasted 00:00:30 (1758 turns).

qw the Sneak (Ghoul Enchanter)                      Turns: 1758, Time: 00:00:31

Health: 0/28       AC:  8    Str: 13    XL:     3   Next: 8%
Magic:  4/4        EV:  5    Int: 10    God:
Gold:   50         SH:  0    Dex:  9    Spells: 5/5 levels left

rFire   . . .      SeeInvis .   Y - +1 dagger (flame)
rCold   + . .      Faith    .   (no shield)
rNeg    + + +      Spirit   .   g - +0 chain mail
rPois   inf        Reflect  .   (no helmet)
rElec   .          Harm     .   (no cloak)
rCorr   .          Rampage  .   (no gloves)
Will    .....                   (no boots)
Stlth   ..........              (no amulet)
HPRegen 0.00/turn               (no ring)
MPRegen 0.09/turn               (no ring)

@: inhibited regen, slowed, very slow
A: claws 1, cold resistance 1, negative energy resistance 3, inhibited
regeneration, torment resistance 2, devour on kill
a: no special abilities


You were on level 2 of the Dungeon.
You visited 1 branch of the dungeon, and saw 2 of its levels.

You collected 50 gold pieces.


Innate Abilities, Weirdness & Mutations

You are immune to poison.
You have sharp fingernails.
Your flesh is cold resistant. (rC+)
You are immune to negative energy. (rN+++)
You do not regenerate when monsters are visible.
You are immune to unholy pain and torment.
You thrive by killing the living.


   Skills:
 + Level 1.3 Fighting
 - Level 0.8 Short Blades
 - Level 2.0 Axes
 - Level 1.7 Dodging
 - Level 3.2 Stealth
 - Level 1.7 Spellcasting
 - Level 2.4 Hexes


You had 5 spell levels left.
You didn't know any spells.
Your spell library contained the following spells:

 Spells                   Type           Power      Damage    Failure   Level
 Ensorcelled Hibernation  Hex/Ice        6%         N/A       100%        2
 Confusing Touch          Hex            5%         N/A       100%        3
 Dazzling Flash           Conj/Hex       6%         N/A       100%        3
 Tukima's Dance           Hex            5%         N/A       100%        3

Inventory:

Hand Weapons
 Y - a +1 dagger of flaming (weapon)
Missiles
 a - 3 boomerangs (quivered)
Armour
 g - a +0 chain mail (worn)
Potions
 h - a potion of curing {unknown}
 j - a potion of mutation {unknown}

Dungeon Overview and Level Annotations

Branches:
Dungeon (2/15)

Altars:

Annotations:
D:2 Natasha


Message History

You kill the goblin!
You open the door.
There is an open door here.
You open the door. You open the door.
Found a stone staircase leading down.
Enter note:
There is an open door here.
There is a stone staircase leading down here.
Natasha, Servant of Life and Death comes into view.
Natasha hisses angrily.
You see here a glowing white potion.
Natasha stares at you and mumbles some strange words.
The magic dart hits you! Natasha barely misses you.
You closely miss Natasha. Natasha claws you but does no damage.
You closely miss Natasha. You hit Natasha. You burn Natasha.
Natasha is moderately wounded.
Natasha claws you.
You barely miss Natasha.
Natasha is moderately wounded.
Natasha claws you.
You barely miss Natasha.
Natasha is moderately wounded.
Natasha casts a spell.
You closely miss Natasha.
Natasha is moderately wounded.
Natasha claws you but does no damage. The crimson imp completely misses you.
You hit Natasha. You burn Natasha.
Natasha is moderately wounded.
Natasha stares at you and mumbles some strange words.
You feel yourself slow down. The crimson imp hits you.
You hit Natasha but do no damage.
Natasha is moderately wounded.
Natasha mumbles some strange words.
You feel troubled. Natasha claws you! The crimson imp hits you.
Natasha claws you.
You die...

##.## ##%#.## ###
#.#.....##
#............#
#.###.#......# #.#
#.#......#####
#.###.###.##...#.%.%..
#...5h....###.######.#
#@# #.# #.# #.# #.#
#.# #!# ##'## #.#
###.# ##...## #%#
#...# ##.....## #.#
##.### ##.......###..
##.>.####.........####
#.......'.........'...
##...####.........####


You could see Natasha and a crimson imp (summoned).

Vanquished Creatures
  6 ball pythons
  3 endoplasms
  4 goblins
  4 hobgoblins (D:1)
  A frilled lizard (D:1)
  6 rats
24 creatures vanquished.

Notes
Turn   | Place    | Note
-------+----------+-------------------------------------------
     0 | D:1      | qw the Ghoul Enchanter began the quest for the Orb.
     0 | D:1      | Reached XP level 1. HP: 14/14 MP: 2/2
     0 | D:1      | 0 ||| qw: Version: 0.1-a-107-g9ff403c
     0 | D:1      | 0 ||| qw: Game counter: 6160
     0 | D:1      | 0 ||| qw: Always use a shield: true
     0 | D:1      | 0 ||| qw: God list: Okawaru
     0 | D:1      | 0 ||| qw: Allow faded altars: false
     0 | D:1      | 0 ||| qw: Do Orc after D:15 true
     0 | D:1      | 0 ||| qw: Do second Lair branch before Depths: true
     0 | D:1      | 0 ||| qw: Lair rune preference: random
     0 | D:1      | 0 ||| qw: Plans: Normal
     0 | D:1      | 0 ||| PLANNING D:1-11
    24 | D:1      | HP: 3/14 [ball python (1)]
   350 | D:1      | 350 ||| Stepping ~*~*~tactically~*~*~ (outnumbered).
   351 | D:1      | 351 ||| Stepping ~*~*~tactically~*~*~ (outnumbered).
   352 | D:1      | 352 ||| Stepping ~*~*~tactically~*~*~ (outnumbered).
   353 | D:1      | 353 ||| Stepping ~*~*~tactically~*~*~ (outnumbered).
   354 | D:1      | 354 ||| Stepping ~*~*~tactically~*~*~ (outnumbered).
   355 | D:1      | 355 ||| Stepping ~*~*~tactically~*~*~ (outnumbered).
   357 | D:1      | 357 ||| Stepping ~*~*~tactically~*~*~ (outnumbered).
   368 | D:1      | Reached skill level 1 in Axes
   368 | D:1      | HP: 3/14 [goblin/+0 dagger (1)]
   590 | D:1      | HP: 2/15 [hobgoblin (3)]
   592 | D:1      | Reached XP level 2. HP: 4/22 MP: 3/3
   903 | D:1      | Reached skill level 1 in Fighting
   977 | D:1      | 977 ||| SWAPPING to +1 dagger of flaming.
   978 | D:1      | 978 ||| DROPPING +1 dagger.
  1024 | D:1      | 1024 ||| Stepping ~*~*~tactically~*~*~ (stealth).
  1030 | D:1      | 1030 ||| Stepping ~*~*~tactically~*~*~ (stealth).
  1032 | D:1      | 1032 ||| Stepping ~*~*~tactically~*~*~ (stealth).
  1083 | D:1      | Found a faded altar of an unknown god.
  1143 | D:1      | 1143 ||| Stepping ~*~*~tactically~*~*~ (stealth).
  1350 | D:1      | 1350 ||| UPGRADING to +0 leather armour.
  1360 | D:1      | 1360 ||| DROPPING +0 robe.
  1361 | D:1      | 1361 ||| UPGRADING to +0 ring mail.
  1371 | D:1      | 1371 ||| DROPPING +0 leather armour.
  1372 | D:1      | 1372 ||| UPGRADING to +0 chain mail.
  1382 | D:1      | 1382 ||| DROPPING +0 ring mail.
  1383 | D:1      | 1383 ||| READING scroll labelled JOVUED OTAXT.
  1384 | D:1      | 1384 ||| DROPPING 2 potions of invisibility.
  1691 | D:2      | Reached XP level 3. HP: 28/28 MP: 4/4
  1747 | D:2      | Noticed Natasha
  1758 | D:2      | HP: 4/28 [Natasha (7)]
  1758 | D:2      | Slain by Natasha

Levels and vault maps discovered:
D:1:      nicolae_arrival_washed_ashore, layout_basic,
          ebering_ecumenical_altar_box, minmay_misc_feat_pillars,
          minmay_misc_feat_rows
D:2:      layout_loops_corners, kennysheep_generic_room_4, uniq_natasha

Skill      XL: |  1  2 |
---------------+-------+-----
Axes           | 1 2 |  2.0
Fighting       | 1 |  1.3
Short Blades   | |  0.8
Dodging        | |  1.7
Stealth        | |  3.2
Spellcasting   | |  1.7
Hexes          | |  2.4

Action                   || total
-------------------------++-------
Melee: Dagger            ||    60
Throw: Boomerang         ||    22
  Use: Scroll            ||     1
Armor: Robe              ||     5
       Chain mail        ||     4
Dodge: Dodged            ||    25

Table legend:
 A = Non-vault XP
 B = Vault XP
 C = Vault XP percentage of total XP
 D = Non-vault monster count
 E = Vault monster count
 F = Vault count percentage of total count
                 A         B        C        D         E       F
            +---------+---------+-------+---------+---------+-------
      Total |      38 |       0 |   0.0 |      24 |       0 |   0.0
            +---------+---------+-------+---------+---------+-------
        D:1 |      27 |       0 |   0.0 |      16 |       0 |   0.0
        D:2 |      11 |       0 |   0.0 |       8 |       0 |   0.0
            +---------+---------+-------+---------+---------+-------
